 Dungeon Crawl Stone Soup version 0.32-a0-702-gc29ba85809 (webtiles) character file.

Game seed: 16753314691600955537

336994 Mlask the Unseen (level 21, -5/171 HPs)
             Began as a Gnoll Delver on Mar 1, 2024.
             Was a Priest of Uskayaw.
             Slain by a tengu reaver
             ... wielding a +0 broad axe
              (27 damage)
             ... on level 3 of the Vaults on Mar 14, 2024.
             The game lasted 06:18:40 (47502 turns).

Mlask the Unseen (Gnoll Delver)                    Turns: 47502, Time: 06:18:41

Health: -5/171     AC:  0    Str: 14    XL:     21   Next: 90%
Magic:  24/39      EV: 38    Int: 12    God:    Uskayaw [***...]
Gold:   949        SH:  5    Dex: 25    Spells: 15/49 levels left

rFire   . . .        N - melded +12 rapier of Instinct {speed, rPois Int-5 SInv}
rCold   . . .        O - melded +2 kite shield
rNeg    . . .        B - melded +3 troll leather armour {Snorg}
rPois   .            A - melded +2 hat {Stlth+}
rElec   .            x - melded +0 cloak
rCorr   .            z - melded +0 pair of gloves of the gadgeteer {Gadgeteer Wandboost ^Fragile}
SInv    .            w - melded +2 pair of boots
Will    +....        W - amulet of reflection
Stlth   +++++++      i - melded +5 ring of evasion
HPRegen 0.48/turn    p - melded ring "Hoogeeriga" {rF+ rN+ MP+9 SInv Stlth+}
MPRegen 0.26/turn

%: reflection
@: about to teleport, bat-form, marked, flying, very quick
A: fast, flying, no casting, tiny, (fangs 1), strong nose, distributed training
}: 2/15 runes: barnacled, gossamer
a: Renounce Religion, Stomp, Line Pass


You were on level 3 of the Vaults.
You worshipped Uskayaw.
Uskayaw was most pleased with you.
You were a bat.
You visited 7 branches of the dungeon, and saw 34 of its levels.

You collected 3338 gold pieces.
You spent 2389 gold pieces at shops.

Inventory:

Hand Weapons
 H - the +4 rapier "Lyrch" {flame, Will+ MP+9 Str+3}
   (You found it on level 14 of the Dungeon)

   Str+3:     It affects your strength (+3).
   Will+:     It increases your willpower.
   MP+9:      It affects your magic capacity (+9).
 N - the +12 rapier of Instinct (melded) {speed, rPois Int-5 SInv}
   (You took it off a merfolk javelineer on level 4 of the Shoals)

   Int-5:     It affects your intelligence (-5).
   rPois:     It protects you from poison.
   SInv:      It lets you see invisible.
Missiles
 j - 7 datura-tipped darts
 k - 5 throwing nets
 l - 5 silver javelins
 r - 13 poisoned darts (quivered)
 y - 26 atropa-tipped darts
 K - 12 curare-tipped darts
Armour
 w - a +2 pair of boots (melded)
 x - a +0 cloak (melded)
 z - the +0 pair of gloves of the gadgeteer (melded) {Gadgeteer Wandboost ^Fragile}
   (You found it on level 4 of the Spider Nest)

   Gadgeteer: Your evocable items recharge 30% faster and wands have a 30%
   chance to not spend a charge.
   Wandboost: Your wands are more powerful.
   ^Fragile:  It will be destroyed if unequipped.
 A - a +2 hat of stealth (melded)
 B - a +3 troll leather armour (melded) {Snorg}
 O - a +2 kite shield (melded)
 X - the +6 leather armour of Kuirev {Dex+4}
   (You found it on level 1 of the Vaults)

   Dex+4:     It affects your dexterity (+4).
Magical Staves
 b - a staff of earth
 t - a staff of fire
 Y - a staff of cold
Jewellery
 i - a +5 ring of evasion (melded)
 p - the ring "Hoogeeriga" (melded) {rF+ rN+ MP+9 SInv Stlth+}
   (You bought it in a shop on level 2 of the Orcish Mines)

   [ring of protection from fire]

   rF+:       It protects you from fire.
   rN+:       It protects you from negative energy.
   MP+9:      It affects your magic capacity (+9).
   SInv:      It lets you see invisible.
   Stlth+:    It makes you more stealthy.
 v - a ring of protection from fire
 V - the dreamshard necklace {Acrobat *Dream}
   (You found it on level 2 of the Vaults)

   [amulet of the acrobat]

   *Dream:    It absorbs a single lethal wound into itself, holding its wearer
   just short of death and releasing dream-creatures to guard them.
   Acrobat:   It increases your evasion while moving and waiting.
 W - an amulet of reflection (around neck)
Talismans
 R - a maw talisman (active)
Wands
 g - a wand of digging (6)
 C - a wand of flame (10)
 D - a wand of paralysis (15)
 G - a wand of acid (11)
 I - a wand of polymorph (7)
 J - a wand of mindburst (16)
 S - a wand of roots (27)
Scrolls
 c - 4 scrolls of fog
 d - 4 scrolls of revelation
 e - 6 scrolls of fear
 h - 7 scrolls of blinking
 n - 3 scrolls of poison
 u - 3 scrolls of teleportation
 P - a scroll of summoning
Potions
 a - 12 potions of curing
 f - a potion of haste
 m - 4 potions of cancellation
 q - 7 potions of lignification
 s - 2 potions of invisibility
 E - 4 potions of brilliance
 F - 2 potions of magic
 L - 4 potions of ambrosia
 M - 3 potions of resistance
 T - 6 potions of heal wounds
 U - 3 potions of berserk rage
 Z - 7 potions of enlightenment
Miscellaneous
 o - a phial of floods
 Q - a sack of spiders


   Skills:
 + Level 16.1 Fighting
 + Level 15.5 Short Blades
 + Level 14.9 Long Blades
 + Level 14.9 Axes
 + Level 14.9 Maces & Flails
 + Level 14.9 Polearms
 + Level 14.9 Staves
 + Level 14.9 Ranged Weapons
 + Level 14.9 Throwing
 + Level 14.9 Armour
 + Level 15.5 Dodging
 + Level 17.4 Stealth
 + Level 14.9 Shields
 + Level 14.9 Unarmed Combat
 + Level 14.9 Spellcasting
 + Level 12.7 Conjurations
 + Level 12.7 Hexes
 + Level 12.7 Summonings
 + Level 12.7 Necromancy
 + Level 12.7 Translocations
 + Level 12.7 Fire Magic
 + Level 12.7 Ice Magic
 + Level 12.7 Air Magic
 + Level 12.7 Earth Magic
 + Level 12.7 Alchemy
 + Level 16.2 Invocations
 + Level 14.9 Evocations
 + Level 13.8 Shapeshifting


You had 15 spell levels left.
You knew the following spells:

 Your Spells              Type           Power      Damage    Failure   Level
a - Passwall              Erth           39%        N/A       1%          3
b - Summon Ice Beast      Ice/Summ       39%        N/A       1%          3
c - Swiftness             Air            39%        N/A       1%          3
d - Gell's Gravitas       Tloc           39%        N/A       1%          3
e - Sigil of Binding      Hex            39%        N/A       1%          3
f - Iskenderun's Mystic   Conj/Tloc      39%        2d9       1%          4
g - Summon Forest         Summ/Tloc      19%        N/A       1%          5
h - Fireball              Conj/Fire      19%        3d9       1%          5
i - Metabolic Englaciati  Hex/Ice        19%        N/A       1%          5

Your spell library contained the following spells:

 Spells                   Type           Power      Damage    Failure   Level
 Freeze                   Ice            100%       1d10      1%          1
 Shock                    Conj/Air       100%       1d9       1%          1
 Slow                     Hex            100%       N/A       1%          1
 Blink                    Tloc           78%        N/A       1%          2
 Ensorcelled Hibernation  Hex/Ice        78%        N/A       1%          2
 Lesser Beckoning         Tloc           78%        N/A       1%          2
 Momentum Strike          Conj/Tloc      78%        3d10      1%          2
 Static Discharge         Conj/Air       78%        3-7/arc   1%          2
 Call Canine Familiar     Summ           39%        N/A       1%          3
 Confusing Touch          Hex            39%        N/A       1%          3
 Frozen Ramparts          Ice            78%        1d12      1%          3
 Hailstorm                Conj/Ice       39%        3d9       1%          3
 Inner Flame              Hex/Fire       39%        N/A       1%          3
 Ozocubu's Armour         Ice            39%        N/A       1%          3
 Teleport Other           Tloc           39%        N/A       1%          3
 Tukima's Dance           Hex            39%        N/A       1%          3
 Vampiric Draining        Necr           39%        2d8       1%          3
 Volatile Blastmotes      Fire/Tloc      78%        2d16      1%          3
 Airstrike                Air            19%        2d(3-19)  1%          4
 Brom's Barrelling Bould  Conj/Erth      39%        2d6       1%          4
 Cause Fear               Hex            19%        N/A       1%          4
 Dimensional Bullseye     Hex/Tloc       19%        N/A       1%          4
 Flame Wave               Conj/Fire      39%        2d11      1%          4
 Manifold Assault         Tloc           39%        N/A       1%          4
 Passage of Golubria      Tloc           39%        N/A       1%          4
 Sticky Flame             Fire/Alch      39%        2d8       1%          4
 Summon Lightning Spire   Summ/Air       39%        N/A       1%          4
 Alistair's Intoxication  Alch           26%        N/A       1%          5
 Borgnjor's Vile Clutch   Necr/Erth      19%        N/A       1%          5
 Irradiate                Conj/Alch      19%        3d18      1%          5
 Iskenderun's Battlesphe  Conj           39%        2d9       1%          5
 Silence                  Hex/Air        19%        N/A       1%          5
 Yara's Violent Unravell  Hex/Alch       19%        3d9       1%          5
 Bombard                  Conj/Erth      19%        9d4       6%          6
 Conjure Ball Lightning   Conj/Air       19%        3x3d6     6%          6
 Dispersal                Tloc           19%        N/A       6%          6
 Eringya's Noxious Bog    Alch           19%        4d6       6%          6
 Sculpt Simulacrum        Ice/Alch       19%        N/A       6%          6
 Haunt                    Necr/Summ      19%        N/A       32%         7
 Orb of Destruction       Conj           19%        9d8       32%         7
 Summon Hydra             Summ           19%        N/A       32%         7
 Borgnjor's Revivificati  Necr           19%        N/A       95%         8
 Disjunction              Tloc           19%        N/A       95%         8
 Ignition                 Fire           19%        3d7       95%         8
 Lehudib's Crystal Spear  Conj/Erth      19%        10d6      95%         8
 Death's Door             Necr           19%        N/A       100%        9
 Dragon's Call            Summ           19%        N/A       100%        9
 Polar Vortex             Ice            19%        12d2*     100%        9


Dungeon Overview and Level Annotations

Branches:
Dungeon (15/15)            Temple (1/1) D:4            Lair (5/5) D:8
 Shoals (4/4) Lair:2       Spider (4/4) Lair:3        Slime (0/5) Lair:4
    Orc (2/2) D:10            Elf (0/3) Orc:2        Vaults (3/5) D:14
  Crypt (0/3) Vaults:2     Depths (0/4) D:15

Altars:
Ashenzari
Cheibriados
Dithmenos
Elyvilon
Fedhas
Gozag
Hepliaklqana
Kikubaaqudgha
Makhleb
Nemelex Xobeh
Okawaru
Qazlal
Ru
Sif Muna
Trog
Uskayaw
Vehumet
Wu Jian
Xom
Yredelemnul
Zin
The Shining One
Jiyva

Shops:
D:5 =   Orc:2 *(*=*   Shoals:2 *   Shoals:4 *   Vaults:1 !   Vaults:2 [

Annotations:
Vaults:3 Agnes, Rupert


Innate Abilities, Weirdness & Mutations

You are a bat.
You are tiny and dextrous.
You move quickly.
You are flying.
Your equipment is almost entirely melded.
You are incapable of wielding weapons or throwing items.
You cannot cast spells.
((You have very sharp teeth.))
Your uncanny sense of smell can sniff out nearby items.
Your experience applies equally to all skills.


Message History

The large slime creature hits something!!
Reactivating autopickup.
The yaktaur captain dissolves into shadows!
The yaktaur dissolves into shadows!
The green ugly thing dissolves into shadows!
The yaktaur dissolves into shadows!
You feel a bit more experienced.
You hit the boggart.
The boggart is heavily wounded.
The black draconian knight casts a spell.
The black draconian knight flickers and vanishes!
Deactivating autopickup; reactivate with Ctrl-A.
The boggart completely misses you.
You hear some strange, mumbled words.
You bite the boggart!
The boggart is almost dead.
You feel less fragile.
The large slime creature seems less confused.
The great orb of eyes is no longer sharing its pain.
The large slime creature completely misses you.
You block the slime creature's attack. The slime creature hits you!
The slime creature completely misses you.
Aiming: Line Pass
Press: ? - help, Dir - move target The cyan ugly thing appears confused.
The boggart appears confused.
The tengu reaver is no longer sharing its pain.
Rupert seems less confused.
Agnes barely misses you.
The tengu reaver hits you with a +0 broad axe!!
The tengu reaver completely misses you. You block the tengu reaver's attack.
Two slime creatures merge to form a large slime creature.
The boggart closely misses the white ugly thing.
As you read the scroll of teleportation, it crumbles to dust.
You feel strangely unstable.
The lindwurm is no longer sharing its pain.
Agnes hits you with a +0 lajatang!!!
* * * LOW HITPOINT WARNING * * *
The cyan ugly thing headbutts the boggart!
The boggart is killed!
The tengu reaver hits you with a +0 broad axe!!
You die...
Your body falls in perfect tune with the rhythm.

#.....# #(#.
#.....# ##.
#.....# # ...
#.....# ∆ #.. ...
#.....#
##''###'###.....#
#.........#.....#
#.........#.(...#
#......Qb.#.....#
#....Jk.i.#.....#
#....Juu..#.....#
#....JpkG.#.....#
#......k.@#.....#
#.........'.....#
###########...).#
#.....# #.....#


You could see Rupert (strong, pain bonded), Agnes, a tengu reaver (repels
missiles), a great orb of eyes, 2 ugly things, 2 large slime creatures, a slime
creature (summoned), 3 lindwurms, an arcanist (summoned, fast, pain bonded) and
a +6 demon blade.

Vanquished Creatures
  Arachne (Spider:3)
  Jorgrun (D:13)
  A sphinx (Vaults:3)
  A titan (Vaults:2)
  Gastronok (D:11)
  Polyphemus (Shoals:3)
  Aizul (Spider:3)
  Ilsuiw (Shoals:3)
  9 emperor scorpions
  A curse skull (Vaults:2)
  12 vault wardens
  3 ghost moths
  An orc warlord (Vaults:1)
  8 broodmothers
  8 ironbound preservers
  A deep elf demonologist (Vaults:1)
  3 stone giants
  A spark wasp (Spider:4)
  9 ironbound thunderhulks
  A war gargoyle (Vaults:3)
  10 dire elephants
  2 eidola (Vaults:2)
  7 merfolk impalers
  Snorg (Lair:4)
  4 merfolk javelineers
  3 yaktaur captains
  A crystal guardian (Vaults:3)
  6 entropy weavers
  Fannar (D:10)
  7 hydras
  A rakshasa (D:15)
  3 great orbs of eyes
  5 vault guards
  2 merfolk avatars
  5 boulder beetles
  2 radroaches
  11 ironbound frosthearts
  3 jorogumos
  Erica (Lair:1)
  6 merfolk aquamancers
  2 ogre magi (Orc:2)
  2 alligator snapping turtles
  2 catoblepae
  A peacekeeper (Vaults:3)
  20 centaur warriors
  2 tengu warriors (D:15)
  23 death yaks
  3 satyrs
  14 two-headed ogres
  An orc high priest (Orc:1)
  9 demonic crawlers
  An occultist (D:15)
  Nergalle (Lair:1)
  A soul eater (Vaults:2)
  13 pharaoh ants
  4 skysharks
  The ghost of CrazyBamboolord the Trooper, a novice CoBe of Trog (D:7)
  19 deep trolls
  3 skeletal warriors
  16 sea snakes
  8 orb spiders
  5 arcanists
  2 sun moths
  20 harpies
  A phantasmal warrior (Vaults:1)
  10 ironbound convokers
  16 lindwurms
  A deep elf zephyrmancer (D:14)
  16 fauns
  2 deep elf pyromancers
  2 orc sorcerers
  3 necromancers
  7 steelbarb worms
  21 wolf spiders
  2 orc knights (Vaults:1)
  An oklob plant (Lair:4)
  31 ugly things
  24 elephants
  7 cyclopes
  19 manticores
  16 vault sentinels
  12 meliai
  5 black mambas
  6 moths of wrath
  12 cane toads
  Joseph (D:7)
  7 water nymphs
  9 torpor snails
  14 merfolk sirens
  A gargoyle (D:11)
  13 komodo dragons
  An unseen horror (D:12)
  6 rime drakes
  2 efreet
  2 freezing wraiths
  A tengu conjurer (D:15)
  20 yaktaurs
  12 trolls
  32 merfolk
  5 polar bears
  3 wind drakes
  24 blink frogs
  36 tarantellas
  10 dream sheep
  10 snapping turtles
  23 culicivoras
  25 slime creatures
  36 jumping spiders
  8 wraiths
  2 shadows
  3 wyverns
  13 water elementals
  48 yaks
  A vampire (D:6)
  Grum (D:8)
  3 wargs (Orc:1)
  3 steam dragons
  6 basilisks
  53 redbacks
  Menkaure (D:6)
  3 acid dragons
  14 water moccasins
  10 orc warriors
  3 swamp drakes (Lair:5)
  An ice beast (D:6)
  7 black bears
  4 laughing skulls
  6 centaurs
  22 ogres
  10 boggarts
  4 wolves (D:9)
  2 phantoms
  3 kobold brigands
  14 bullfrogs
  5 gnoll sergeants
  3 scorpions
  14 wights
  9 killer bees
  The ghost of Gilette the Chopper, a weakling CoFi of Zin (D:3)
  3 electric eels
  3 howler monkeys
  3 bombardier beetles
  2 gnoll boudas
  2 jellies
  3 hounds
  8 orc priests
  12 iguanas
  Crazy Yiuf (D:2)
  Ijyb (D:3)
  2 sleepcaps
  15 orc wizards
  26 gnolls
  7 adders
  A shadow imp (D:7)
  2 ufetubi (D:6)
  3 dart slugs
  50 orcs
  3 ball pythons
  5 endoplasms
  4 giant cockroaches
  6 goblins
  5 hobgoblins
  18 kobolds
  4 quokkas
  2 bats
  2 frilled lizards
  4 rats
1300 creatures vanquished.

Vanquished Creatures (collateral kills)
  Josephine (D:13)
  A manticore (Shoals:4)
  A faun (Shoals:4)
  A water nymph (Shoals:4)
  2 wraiths (D:13)
6 creatures vanquished.

Vanquished Creatures (others)
  A ghost moth (Spider:2)
  A merfolk aquamancer (Shoals:4)
  An arcanist (Vaults:1)
  2 manticores
  A tarantella (Spider:3)
  A human (D:7)
7 creatures vanquished.

Grand Total: 1313 creatures vanquished

Notes
Turn   | Place    | Note
-------+----------+-------------------------------------------
     0 | D:5      | Reached skill level 9 in Stealth
     0 | D:5      | Mlask the Gnoll Delver began the quest for the Orb.
     0 | D:5      | Reached XP level 1. HP: 23/23 MP: 1/1
     1 | D:6      | Noticed a gnoll bouda
   188 | D:4      | Reached XP level 2. HP: 29/29 MP: 2/2
   279 | D:4      | Noticed a bombardier beetle
   286 | D:4      | Killed a bombardier beetle
   287 | D:4      | Reached skill level 1 in Invocations
   287 | D:4      | Reached XP level 3. HP: 35/35 MP: 2/4
   412 | D:4      | Noticed a scorpion
   414 | D:4      | Killed a scorpion
   415 | D:4      | Reached skill level 1 in Long Blades
   415 | D:4      | Reached skill level 1 in Axes
   415 | D:4      | Reached skill level 1 in Maces & Flails
   415 | D:4      | Reached skill level 1 in Polearms
   415 | D:4      | Reached skill level 1 in Staves
   415 | D:4      | Reached skill level 1 in Ranged Weapons
   415 | D:4      | Reached skill level 1 in Throwing
   415 | D:4      | Reached skill level 1 in Armour
   415 | D:4      | Reached skill level 1 in Shields
   415 | D:4      | Reached skill level 1 in Unarmed Combat
   415 | D:4      | Reached skill level 1 in Spellcasting
   415 | D:4      | Reached skill level 1 in Conjurations
   415 | D:4      | Reached skill level 1 in Hexes
   415 | D:4      | Reached skill level 1 in Summonings
   415 | D:4      | Reached skill level 1 in Necromancy
   415 | D:4      | Reached skill level 1 in Translocations
   415 | D:4      | Reached skill level 1 in Fire Magic
   415 | D:4      | Reached skill level 1 in Ice Magic
   415 | D:4      | Reached skill level 1 in Air Magic
   415 | D:4      | Reached skill level 1 in Earth Magic
   415 | D:4      | Reached skill level 1 in Alchemy
   415 | D:4      | Reached skill level 1 in Evocations
   415 | D:4      | Reached skill level 1 in Shapeshifting
   415 | D:4      | Reached XP level 4. HP: 41/41 MP: 5/5
   451 | D:5      | Noticed an ogre
   455 | D:5      | Killed an ogre
   456 | D:5      | Reached XP level 5. HP: 47/47 MP: 5/7
   596 | D:5      | Reached XP level 6. HP: 32/53 MP: 8/8
   722 | D:4      | Found a staircase to the Ecumenical Temple.
   728 | Temple   | Entered the Ecumenical Temple
   803 | Temple   | Became a worshipper of Uskayaw the Reveller
  1085 | D:3      | Found a runed translucent gate.
  1132 | D:4      | Reached * piety under Uskayaw
  1133 | D:4      | Reached skill level 5 in Short Blades
  1133 | D:4      | Reached skill level 5 in Dodging
  1461 | D:4      | Reached ** piety under Uskayaw
  2052 | D:1      | Noticed a tyrant leech
  2052 | D:1      | Noticed a servant of whispers
  2052 | D:1      | Noticed a centaur warrior
  2053 | D:1      | Noticed a basilisk
  2406 | D:1      | Got the Folio of Jinxed Graupel
  3233 | D:2      | Found a glowing golden altar of the Shining One.
  3318 | D:2      | Reached XP level 7. HP: 60/60 MP: 10/10
  3364 | D:2      | Found a runed translucent door.
  3365 | D:2      | Noticed Crazy Yiuf
  3524 | D:2      | Killed Crazy Yiuf
  3740 | D:3      | Found a runed translucent gate.
  3740 | D:3      | Noticed Gilette's ghost (weakling CoFi)
  3741 | D:3      | Found a runed translucent gate.
  3892 | D:3      | Noticed Ijyb
  3897 | D:3      | Killed Ijyb
  4299 | D:4      | Reached *** piety under Uskayaw
  4534 | D:5      | Found a burning altar of Makhleb.
  4704 | D:5      | Reached skill level 10 in Stealth
  4799 | D:5      | Found Gehoiqej's Jewellery Shop.
  5047 | D:5      | Reached XP level 8. HP: 67/67 MP: 12/12
  5177 | D:6      | Reached **** piety under Uskayaw
  5337 | D:6      | Noticed a vampire
  5728 | D:6      | Noticed Menkaure
  5737 | D:6      | Killed Menkaure
  6456 | D:7      | Found an ancient bone altar of Kikubaaqudgha.
  6579 | D:7      | Reached ***** piety under Uskayaw
  6597 | D:7      | Reached XP level 9. HP: 61/73 MP: 14/14
  6656 | D:7      | Noticed Joseph
  6688 | D:7      | Killed Joseph
  7286 | D:7      | Found a transporter.
  7286 | D:7      | Noticed CrazyBamboolord's ghost (novice CoBe)
  7288 | D:7      | Noticed a two-headed ogre
  7361 | D:7      | Reached skill level 5 in Invocations
  8374 | D:8      | Found a staircase to the Lair.
  8415 | D:8      | Reached skill level 5 in Long Blades
  8415 | D:8      | Reached skill level 5 in Axes
  8415 | D:8      | Reached skill level 5 in Maces & Flails
  8415 | D:8      | Reached skill level 5 in Polearms
  8415 | D:8      | Reached skill level 5 in Staves
  8415 | D:8      | Reached skill level 5 in Ranged Weapons
  8415 | D:8      | Reached skill level 5 in Throwing
  8415 | D:8      | Reached skill level 5 in Armour
  8415 | D:8      | Reached skill level 5 in Shields
  8415 | D:8      | Reached skill level 5 in Unarmed Combat
  8415 | D:8      | Reached skill level 5 in Spellcasting
  8415 | D:8      | Reached skill level 5 in Evocations
  8415 | D:8      | Reached XP level 10. HP: 75/81 MP: 17/17
  9026 | D:9      | Noticed Grum
  9481 | D:9      | Reached skill level 11 in Stealth
  9797 | D:8      | Killed Grum
  9798 | D:8      | Reached skill level 5 in Shapeshifting
 11352 | D:10     | Entered Level 10 of the Dungeon
 11416 | D:9      | Reached skill level 5 in Conjurations
 11416 | D:9      | Reached skill level 5 in Hexes
 11416 | D:9      | Reached skill level 5 in Summonings
 11416 | D:9      | Reached skill level 5 in Necromancy
 11416 | D:9      | Reached skill level 5 in Translocations
 11416 | D:9      | Reached skill level 5 in Fire Magic
 11416 | D:9      | Reached skill level 5 in Ice Magic
 11416 | D:9      | Reached skill level 5 in Air Magic
 11416 | D:9      | Reached skill level 5 in Earth Magic
 11416 | D:9      | Reached skill level 5 in Alchemy
 11416 | D:9      | Reached XP level 11. HP: 52/89 MP: 20/20
 11557 | D:10     | Upgraded the game from 0.32-a0-572-g3e1049bc92 to
                  | 0.32-a0-585-gef4fe23122
 11591 | D:10     | Found a shadowy altar of Dithmenos.
 11626 | D:10     | Noticed a two-headed ogre
 11630 | D:10     | Found a sacrificial altar of Ru.
 11672 | D:9      | Killed a two-headed ogre
 11995 | D:10     | Found a staircase to the Orcish Mines.
 12076 | D:10     | Noticed Fannar
 12088 | D:10     | Killed Fannar
 12347 | D:10     | Learned a level 3 spell: Passwall
 12470 | D:10     | Found a snail-covered altar of Cheibriados.
 12552 | Lair:1   | Entered Level 1 of the Lair of Beasts
 13054 | Lair:1   | Noticed Nergalle
 13259 | Lair:1   | Killed Nergalle
 13456 | Lair:1   | Noticed Erica
 13463 | Lair:1   | Killed Erica
 13464 | Lair:1   | Reached XP level 12. HP: 97/97 MP: 22/22
 14096 | Lair:1   | Noticed a five-headed hydra
 14134 | Lair:1   | Killed a five-headed hydra
 14135 | Lair:1   | Reached skill level 12 in Stealth
 14224 | Lair:1   | Reached skill level 10 in Fighting
 14418 | Lair:2   | Noticed a death yak
 14420 | Lair:2   | Noticed a death yak
 14498 | Lair:1   | Killed a death yak
 14544 | Lair:2   | Noticed a death yak
 14545 | Lair:2   | Noticed a death yak
 14587 | Lair:1   | Killed a death yak
 14621 | Lair:1   | Killed a death yak
 14624 | Lair:1   | Killed a death yak
 14906 | Lair:2   | Noticed a six-headed hydra
 14959 | Lair:2   | Killed a six-headed hydra
 15094 | Lair:2   | Learned a level 3 spell: Summon Ice Beast
 15098 | Lair:2   | Learned a level 3 spell: Swiftness
 15102 | Lair:2   | Learned a level 3 spell: Gell's Gravitas
 15106 | Lair:2   | Learned a level 3 spell: Sigil of Binding
 15426 | Lair:3   | Reached XP level 13. HP: 100/104 MP: 25/25
 15827 | Lair:3   | Found a hole to the Spider Nest.
 16279 | Lair:4   | Reached ****** piety under Uskayaw
 16651 | Lair:4   | Reached skill level 10 in Short Blades
 16651 | Lair:4   | Reached skill level 10 in Dodging
 17088 | Lair:4   | Reached skill level 13 in Stealth
 17093 | Lair:4   | Reached skill level 10 in Invocations
 17093 | Lair:4   | Reached XP level 14. HP: 108/113 MP: 27/27
 17127 | Lair:4   | Found a runed translucent door.
 17127 | Lair:4   | Found a viscous altar of Jiyva.
 17127 | Lair:4   | Found a staircase to the Slime Pits.
 17182 | Lair:4   | Found a sparkling altar of Nemelex Xobeh.
 17183 | Lair:4   | Noticed Snorg
 17194 | Lair:4   | Killed Snorg
 17331 | Lair:4   | Upgraded the game from 0.32-a0-585-gef4fe23122 to
                  | 0.32-a0-607-g64ea0e4219
 17372 | Lair:5   | Entered Level 5 of the Lair of Beasts
 20023 | Lair:5   | Reached skill level 10 in Long Blades
 20023 | Lair:5   | Reached skill level 10 in Axes
 20023 | Lair:5   | Reached skill level 10 in Maces & Flails
 20023 | Lair:5   | Reached skill level 10 in Polearms
 20023 | Lair:5   | Reached skill level 10 in Staves
 20023 | Lair:5   | Reached skill level 10 in Ranged Weapons
 20023 | Lair:5   | Reached skill level 10 in Throwing
 20023 | Lair:5   | Reached skill level 10 in Armour
 20023 | Lair:5   | Reached skill level 10 in Shields
 20023 | Lair:5   | Reached skill level 10 in Unarmed Combat
 20023 | Lair:5   | Reached skill level 10 in Spellcasting
 20023 | Lair:5   | Reached skill level 10 in Evocations
 20331 | Lair:5   | Reached XP level 15. HP: 120/120 MP: 29/29
 20873 | D:11     | Noticed Gastronok
 20892 | D:11     | Killed Gastronok
 22458 | D:13     | Learned a level 4 spell: Iskenderun's Mystic Blast
 22553 | D:13     | Noticed Jorgrun
 22583 | D:13     | Killed Jorgrun
 23058 | D:13     | Noticed Josephine
 23083 | D:13     | Killed Josephine
 23245 | Orc:1    | Entered Level 1 of the Orcish Mines
 23468 | Orc:1    | Reached skill level 14 in Stealth
 23812 | Orc:2    | Entered Level 2 of the Orcish Mines
 23812 | Orc:2    | Found a staircase to the Elven Halls.
 24124 | Orc:2    | Paralysed by an orc sorcerer for 4 turns
 25261 | Orc:2    | Found Wenuageu's Assorted Antiques.
 25275 | Orc:2    | Found Tonk's Jewellery Shoppe.
 25339 | Orc:2    | Bought a scroll labelled CUPOOLOKIPS for 32 gold pieces
 25339 | Orc:2    | Bought a scroll of identify for 64 gold pieces
 25339 | Orc:2    | Bought a pair of glowing gloves for 240 gold pieces
 25339 | Orc:2    | Bought a potion of curing for 96 gold pieces
 25375 | Orc:2    | Found Yka Cefa's Assorted Antiques.
 25379 | Orc:2    | Found Nesonkad's Weapon Shop.
 25386 | Orc:2    | Bought a scroll of identify for 36 gold pieces
 25386 | Orc:2    | Bought a scroll of identify for 36 gold pieces
 25386 | Orc:2    | Bought a scroll of identify for 36 gold pieces
 25387 | Orc:2    | Reached skill level 10 in Shapeshifting
 25387 | Orc:2    | Reached XP level 16. HP: 129/129 MP: 29/31
 25392 | Orc:2    | Found Bacliuph's Assorted Antiques.
 25443 | Orc:2    | Bought 5 datura-tipped darts for 76 gold pieces
 25448 | Orc:2    | Bought a scroll of identify for 72 gold pieces
 25448 | Orc:2    | Bought a murky emerald potion for 32 gold pieces
 25465 | Orc:2    | Bought the ring "Hoogeeriga" {rF+ rN+ MP+9 SInv Stlth+} for
                  | 745 gold pieces
 25497 | Orc:2    | Bought a wand of paralysis (5) for 384 gold pieces
 25743 | D:13     | Reached XP level 17. HP: 100/130 MP: 32/32
 25767 | D:14     | Identified the +4 rapier "Lyrch" {flame, Will+ MP+9 Str+3}
 26266 | D:14     | Found a gate to the Vaults.
 26459 | D:14     | Upgraded the game from 0.32-a0-607-g64ea0e4219 to
                  | 0.32-a0-613-g40f424ee2b
 26464 | D:14     | Learned a level 4 spell: Manifold Assault
 26492 | D:15     | Entered Level 15 of the Dungeon
 26522 | D:15     | Found a staircase to the Depths.
 26570 | D:15     | Identified the +5 plate armour of the Blacksmith {Int+3
                  | Stlth+}
 27385 | D:15     | Found a white marble altar of Elyvilon.
 27944 | D:3      | Killed Gilette's ghost
 28316 | D:7      | Found a transporter.
 28330 | D:7      | Killed CrazyBamboolord's ghost
 28439 | Lair:2   | Found a staircase to the Shoals.
 28649 | Spider:1 | Entered Level 1 of the Spider Nest
 29425 | Spider:1 | Reached skill level 10 in Conjurations
 29425 | Spider:1 | Reached skill level 10 in Hexes
 29425 | Spider:1 | Reached skill level 10 in Summonings
 29425 | Spider:1 | Reached skill level 10 in Necromancy
 29425 | Spider:1 | Reached skill level 10 in Translocations
 29425 | Spider:1 | Reached skill level 10 in Fire Magic
 29425 | Spider:1 | Reached skill level 10 in Ice Magic
 29425 | Spider:1 | Reached skill level 10 in Air Magic
 29425 | Spider:1 | Reached skill level 10 in Earth Magic
 29425 | Spider:1 | Reached skill level 10 in Alchemy
 29768 | Spider:1 | Reached skill level 15 in Stealth
 29839 | Spider:1 | Upgraded the game from 0.32-a0-613-g40f424ee2b to
                  | 0.32-a0-675-gdc239d62e1
 29839 | Spider:1 | Upgraded the game from 0.32-a0-675-gdc239d62e1 to
                  | 0.32-a0-683-ge26c5dbc97
 29845 | Spider:1 | Learned a level 5 spell: Fireball
 29851 | Spider:1 | Learned a level 5 spell: Metabolic Englaciation
 30373 | Spider:2 | Reached XP level 18. HP: 93/144 MP: 34/34
 31274 | Spider:3 | Noticed Arachne
 31457 | Spider:3 | Identified the serpent talisman of Etoe {Will+}
 31457 | Spider:3 | Noticed Aizul
 31465 | Spider:3 | Killed Aizul
 31660 | Spider:3 | Upgraded the game from 0.32-a0-683-ge26c5dbc97 to
                  | 0.32-a0-696-g5fa0bccb63
 32115 | Spider:3 | Killed Arachne
 32771 | Spider:4 | Entered Level 4 of the Spider Nest
 35135 | Spider:4 | Reached XP level 19. HP: 150/152 MP: 35/35
 35917 | Spider:4 | Found the +0 pair of gloves of the gadgeteer {Gadgeteer
                  | Wandboost ^Fragile}
 35947 | Spider:4 | Got a gossamer rune of Zot
 36169 | Shoals:1 | Entered Level 1 of the Shoals
 38152 | Shoals:2 | Reached skill level 16 in Stealth
 38438 | Shoals:2 | Found Koaruib's CLEARANCE SALE!.
 38497 | Shoals:2 | Bought a scroll of blinking for 37 gold pieces
 38954 | Shoals:3 | Noticed Ilsuiw
 38960 | Shoals:3 | Killed Ilsuiw
 39132 | Shoals:3 | Noticed Polyphemus
 39133 | Shoals:3 | Killed Polyphemus
 39359 | Shoals:3 | Identified the +8 plate armour "Kinezxoeqi" {rN+ Slay+2}
 39588 | Shoals:4 | Entered Level 4 of the Shoals
 40155 | Shoals:4 | Reached XP level 20. HP: 127/161 MP: 37/37
 40179 | Shoals:4 | Reached skill level 15 in Fighting
 40960 | Shoals:4 | Found Ewkobbas's Assorted Antiques.
 40969 | Shoals:4 | Bought a potion of curing for 93 gold pieces
 40969 | Shoals:4 | Bought 2 potions of curing for 186 gold pieces
 41109 | Shoals:4 | Identified the +12 rapier of Instinct {speed, rPois Int-5
                  | SInv}
 41628 | Shoals:4 | Got a barnacled rune of Zot
 42139 | Lair:3   | Upgraded the game from 0.32-a0-696-g5fa0bccb63 to
                  | 0.32-a0-702-gc29ba85809
 42366 | Vaults:1 | Entered Level 1 of the Vaults
 42446 | Vaults:1 | Reached skill level 15 in Invocations
 42679 | Vaults:1 | Found Enineni Niaf's Distillery.
 42687 | Vaults:1 | Bought a potion of lignification for 42 gold pieces
 42687 | Vaults:1 | Bought a potion of heal wounds for 70 gold pieces
 42687 | Vaults:1 | Bought a potion of cancellation for 112 gold pieces
 43187 | Vaults:1 | Identified the +6 leather armour of Kuirev {Dex+4}
 43595 | Vaults:1 | Reached XP level 21. HP: 169/169 MP: 39/39
 43671 | Vaults:1 | Reached skill level 15 in Short Blades
 43671 | Vaults:1 | Reached skill level 15 in Dodging
 44581 | Vaults:2 | Reached skill level 17 in Stealth
 44856 | Vaults:2 | Found the dreamshard necklace {Acrobat *Dream}
 45282 | Vaults:2 | Found Luvo's Armour Boutique.
 45377 | Vaults:2 | Learned a level 5 spell: Summon Forest
 45610 | Vaults:2 | Found a staircase to the Crypt.
 47477 | Vaults:3 | Noticed Rupert
 47478 | Vaults:3 | Noticed Agnes
 47502 | Vaults:3 | Slain by a tengu reaver

Illustrated notes

Levels and vault maps discovered:
D:1:      onia_arrival_zoo_common, layout_basic
D:2:      layout_loops_ring, basic_altar, grunt_ministairs_8,
          uniq_crazy_yiuf_cottage
D:3:      layout_basic, gammafunk_ghost_nasty_kobolds, chequers_big_river,
          uniq_ijyb
D:4:      layout_loops_corners, minmay_temple_entry_statues_pillars
D:5:      layout_basic, mainiacjoe_overflow_concentric_impassable, serial_shops,
          nicolae_shop_gaudy_bauble, grunt_ministairs_9, cheibrodos_gnoll_hut
D:6:      layout_basic, uniq_menkaure
D:7:      layout_basic, tgw_kikubaaqudgha, gammafunk_ghost_smash, uniq_joseph
D:8:      layout_rooms, due_lair_maze_entry_diamond, kennysheep_generic_room_7
D:9:      layout_long_grid, minmay_fractal_squares_5, uniq_grum
D:10:     layout_loops_cross, mainiacjoe_overflow_boulevard, chei_slow_surprise,
          hangedman_ru_absence, orc_0_dummy, uniq_fannar
D:11:     layout_roguey, uniq_gastronok
D:12:     layout_long_grid, nrook_campfire
D:13:     layout_basic, uniq_jorgrun, uniq_josephine
D:14:     layout_cave_pools, david_vaults_1, minmay_misc_feat_tiny
D:15:     hangedman_depths_entry_civil_slaughter, layout_irregular_city,
          nicolae_elyvilon_temple_path
Temple:   minmay_temple_bridge_d
Lair:1:   beast_lair_carwin_large_2, layout_small_grid,
          gammafunk_lair_bear_cave, uniq_nergalle, uniq_erica
Lair:2:   layout_chaotic_city, minmay_shoals_entry_lonely_mermaid,
          infiniplex_staircase_pool
Lair:3:   layout_roguey, hellmonk_spider_entry_life_and_decay,
          lemuel_fruit_fields, grunt_megastairs_5
Lair:4:   layout_roguey, slime_entry_2, lemuel_oklob_altar, uniq_snorg
Lair:5:   hangedman_lair_in_review, layout_cave_pods, guppyfry_lair_end_dragon
Shoals:1: layout_shoals, nicolae_shoals_flooded_hall
Shoals:2: layout_shoals, nicolae_shop_clearance
Shoals:3: layout_shoals, uniq_polyphemus, uniq_ilsuiw
Shoals:4: shoals_end_grunt_garden, layout_shoals, serial_shops,
          nicolae_lakefront_shop
Spider:1: layout_spider_delve, drop_trap
Spider:2: layout_spider_delve, nicolae_spider_not_touching_you
Spider:3: layout_chambers, uniq_arachne, uniq_aizul
Spider:4: hellmonk_spider_rune_endless_swarm
Orc:1:    layout_caves
Orc:2:    st_orc_open, layout_caves, serial_shops, shop
Vaults:1: nicolae_vaults_trapezoid_lopsided_3, nicolae_vaults_disjoint_gnomons,
          nicolae_vaults_thirteen_compartments, nicolae_vaults_two_Ls,
          nicolae_vaults_six-pack, vaults_room_ringed_pool,
          nicolae_vaults_network_quinsquares
          [nicolae_vaults_network_quincunx_subvault,
          nicolae_vaults_network_quincunx_subvault,
          nicolae_vaults_network_quincunx_subvault,
          nicolae_vaults_network_quincunx_subvault], nicolae_vaults_theta,
          ontoclasm_vaults_hangar, ontoclasm_vaults_pinch,
          nicolae_vaults_big_ls, vaults_mumra_chevron,
          layout_vaults_chaotic_city, serial_shops, shop
Vaults:2: nicolae_vaults_little_squares_2, nicolae_vaults_murder_corner,
          nicolae_vaults_door_testing_chamber, vaults_room_fours,
          ontoclasm_vaults_misaligned, v_rooms_3,
          nicolae_vaults_taking_the_gang_shopping, ontoclasm_vaults_eye,
          v_misc_16, hangedman_vaults_river_flow,
          minmay_crypt_entry_simple_round, nicolae_vaults_specimen_jars,
          layout_vaults_maze_snakey
Vaults:3: nicolae_vaults_doubleplus_tesselated, nicolae_vaults_more_shelving_1,
          v_misc_9, v_misc_4, hangedman_vaults_impose,
          grunt_vaults_hallway_long, v_alt_pattern_2, v_misc_4, sword_in_stone,
          nicolae_vaults_tetromino_L_1, nicolae_vaults_house_3,
          ontoclasm_vaults_shuriken, nicolae_vaults_hallways_thing,
          layout_vaults_omnibox

Skill      XL: |  1  2  3  4  5  6  7  8  9 10 11 12 13 14 15 16 17 18 19 20 21 |
---------------+----------------------------------------------------------------+-----
Stealth        | 10 11 12 13 14 15 16 17 | 17.4
Invocations    | 1 2 3 4 5 6 7 8 10 12 13 14 15 16 | 16.2
Long Blades    | 1 2 3 5 6 7 8 9 10 11 12 13 14 | 14.9
Axes           | 1 2 3 5 6 7 8 9 10 11 12 13 14 | 14.9
Maces & Flails | 1 2 3 5 6 7 8 9 10 11 12 13 14 | 14.9
Polearms       | 1 2 3 5 6 7 8 9 10 11 12 13 14 | 14.9
Staves         | 1 2 3 5 6 7 8 9 10 11 12 13 14 | 14.9
Ranged Weapons | 1 2 3 5 6 7 8 9 10 11 12 13 14 | 14.9
Throwing       | 1 2 3 5 6 7 8 9 10 11 12 13 14 | 14.9
Armour         | 1 2 3 5 6 7 8 9 10 11 12 13 14 | 14.9
Shields        | 1 2 3 5 6 7 8 9 10 11 12 13 14 | 14.9
Unarmed Combat | 1 2 3 5 6 7 8 9 10 11 12 13 14 | 14.9
Spellcasting   | 1 2 3 5 6 7 8 9 10 11 12 13 14 | 14.9
Conjurations   | 1 2 3 4 5 6 7 8 9 10 11 12 | 12.7
Hexes          | 1 2 3 4 5 6 7 8 9 10 11 12 | 12.7
Summonings     | 1 2 3 4 5 6 7 8 9 10 11 12 | 12.7
Necromancy     | 1 2 3 4 5 6 7 8 9 10 11 12 | 12.7
Translocations | 1 2 3 4 5 6 7 8 9 10 11 12 | 12.7
Fire Magic     | 1 2 3 4 5 6 7 8 9 10 11 12 | 12.7
Ice Magic      | 1 2 3 4 5 6 7 8 9 10 11 12 | 12.7
Air Magic      | 1 2 3 4 5 6 7 8 9 10 11 12 | 12.7
Earth Magic    | 1 2 3 4 5 6 7 8 9 10 11 12 | 12.7
Alchemy        | 1 2 3 4 5 6 7 8 9 10 11 12 | 12.7
Evocations     | 1 2 3 5 6 7 8 9 10 11 12 13 14 | 14.9
Shapeshifting  | 1 2 3 4 5 6 7 8 9 10 11 12 13 | 13.8
Short Blades   | 5 6 7 8 9 10 11 12 13 14 15 | 15.5
Dodging        | 5 6 7 8 9 10 11 12 13 14 15 | 15.5
Fighting       | 7 8 9 10 11 12 13 14 15 16 | 16.1

Action                     |  1- 3 |  4- 6 |  7- 9 | 10-12 | 13-15 | 16-18 | 19-21 || total
---------------------------+-------+-------+-------+-------+-------+-------+-------++-------
  Melee: Short sword       |     5 |    54 |   659 |  1497 |  2967 |    81 |       ||  5263
         Rapier            |     5 |   106 |       |       |       |  1463 |  1912 ||  3486
         Bite              |       |    13 |    76 |   283 |   598 |   284 |   384 ||  1638
         Scimitar          |       |       |       |     2 |    18 |       |       ||    20
         Maw               |       |       |       |       |       |       |   400 ||   400
         Unarmed           |       |       |       |       |       |       |     9 ||     9
   Fire: Shortbow          |     2 |       |       |       |       |       |       ||     2
         Sling             |       |       |       |    34 |    18 |       |       ||    52
  Throw: Dart              |       |       |       |    11 |    47 |    95 |    13 ||   166
         Throwing net      |       |       |       |     1 |     1 |       |       ||     2
   Cast: Gell's Gravitas   |       |       |       |     2 |       |     1 |       ||     3
         Sigil of Binding  |       |       |       |       |     1 |       |       ||     1
         Iskenderun's Myst |       |       |       |       |       |    15 |     2 ||    17
         Manifold Assault  |       |       |       |       |       |     6 |       ||     6
         Metabolic Englaci |       |       |       |       |       |    27 |    19 ||    46
         Fireball          |       |       |       |       |       |    11 |    97 ||   108
         Passwall          |       |       |       |       |       |       |     1 ||     1
 Invoke: Line Pass         |       |       |       |       |       |     4 |    15 ||    19
         Grand Finale      |       |       |       |       |       |     5 |     6 ||    11
         Stomp             |       |       |       |       |       |     1 |     1 ||     2
  Evoke: Wand              |       |       |       |     5 |     9 |    23 |    40 ||    77
         Sack of spiders   |       |       |       |       |       |       |     1 ||     1
    Use: Scroll            |       |     1 |     6 |     3 |    12 |    14 |     9 ||    45
         Potion            |       |       |       |       |     3 |     1 |     5 ||     9
   Stab: Sleeping          |     7 |    27 |    15 |    16 |    19 |    49 |    70 ||   203
         Distracted        |       |     2 |     2 |     2 |     7 |     3 |     5 ||    21
         Paralysed         |       |       |    11 |    39 |    82 |    86 |   105 ||   323
         Held in net/web   |       |       |       |     3 |     1 |       |       ||     4
         Invisible         |       |       |       |     2 |       |       |       ||     2
         Petrified         |       |       |       |       |     1 |       |       ||     1
         Confused          |       |       |       |       |       |       |    12 ||    12
 Armour: Leather armour    |     1 |    48 |   145 |    91 |       |       |       ||   285
         Troll leather arm |       |       |       |   126 |   512 |   497 |   274 ||  1409
         Skin              |       |       |       |       |       |       |   207 ||   207
  Dodge: Dodged            |     1 |   119 |   420 |   716 |  1140 |   843 |   804 ||  4043
  Block: Other             |       |       |       |    63 |       |       |     2 ||    65
         Kite shield       |       |       |       |   169 |  1879 |  1364 |  1379 ||  4791
         Reflection        |       |       |       |       |    29 |    20 |   101 ||   150
         Form:             |       |       |       |     1 |       |       |     1 ||     2
         Beast             |       |       |       |     1 |       |       |       ||     1
         Serpent           |       |       |       |       |       |       |     1 ||     1
         Maw               |       |       |       |       |       |       |     1 ||     1

Table legend: (Time is in decaauts)
 A = Elapsed time spent in this place.
 B = Non-inter-level travel time spent in this place.
 C = Inter-level travel time spent in this place.
 D = Time resting spent in this place.
 E = Time spent auto-exploring this place.
 F = Levels seen in this place.
 G = Mean time per level.
                   A        B        C        D        E       F      G
               +--------+--------+--------+--------+--------+-----+--------+
         Total |  44496 |  40898 |   3598 |   9341 |   2360 |  34 | 1308.7 |
       Dungeon |  17431 |  15887 |   1544 |   2995 |   2324 |  15 | 1162.1 |
        Temple |    150 |      2 |    148 |      0 |      0 |   1 |  150.0 |
          Lair |   7531 |   6800 |    731 |   1241 |     36 |   5 | 1506.2 |
        Shoals |   6007 |   5599 |    408 |   1938 |      0 |   4 | 1501.8 |
   Spider Nest |   6783 |   6400 |    383 |   1860 |      0 |   4 | 1695.8 |
  Orcish Mines |   1884 |   1852 |     32 |    127 |      0 |   2 |  942.0 |
        Vaults |   4707 |   4357 |    350 |   1180 |      0 |   3 | 1569.0 |
               +--------+--------+--------+--------+--------+-----+--------+

Top non-repeatable levels by time:
  Lair:5: 2445 daAuts
Spider:3: 2392 daAuts
     D:9: 2302 daAuts
Vaults:1: 2124 daAuts
Spider:4: 2119 daAuts
Vaults:2: 2017 daAuts
     D:8: 1753 daAuts
Shoals:1: 1620 daAuts
Shoals:4: 1550 daAuts
  Lair:1: 1504 daAuts
  Lair:4: 1480 daAuts
Shoals:3: 1476 daAuts
     D:6: 1426 daAuts
Shoals:2: 1359 daAuts
     D:5: 1314 daAuts
